 Dungeon Crawl Stone Soup version 0.30-a0-800-g7c544603b3 (webtiles) character file.

Game seed: 4335496643902330172

4 NeboErif the Firebug (level 1, -1/14 HPs)
             Began as a Demigod Fire Elementalist on Feb 22, 2023.
             Slain by an endoplasm (2 damage)
             ... on level 1 of the Dungeon.
             The game lasted 00:05:07 (84 turns).

NeboErif the Firebug (Demigod Fire Elementalist)      Turns: 84, Time: 00:05:07

Health: -1/14      AC:  2    Str:  9    XL:     1   Next: 46%
Magic:  5/5        EV: 12    Int: 17    God:
Gold:   13         SH:  0    Dex: 14    Spells: 2/3 levels left

rFire   . . .      SeeInvis .    c - +0 dagger
rCold   . . .      Faith    .    (no shield)
rNeg    . . .      Spirit   .    a - +0 robe
rPois   .          Reflect  .    (no helmet)
rElec   .          Harm     .    (no cloak)
rCorr   .          Rampage  .    (no gloves)
Will    .....                    (no boots)
Stlth   ++                       (no amulet)
HPRegen 0.22/turn                (no ring)
MPRegen 0.09/turn                (no ring)

@: hasted, very quick
A: high MP 1, forlorn, divine attributes
a: no special abilities


You were on level 1 of the Dungeon.
You visited 1 branch of the dungeon, and saw 1 of its levels.

You collected 13 gold pieces.

Inventory:

Hand Weapons
 c - a +0 dagger (weapon)
Armour
 a - a +0 robe (worn)
Scrolls
 d - a scroll of immolation {unknown}
Potions
 b - a potion of magic


   Skills:
 + Level 1.7 Dodging
 + Level 1.7 Stealth
 + Level 1.9 Spellcasting
 + Level 1.0 Conjurations
 + Level 2.8 Fire Magic


You had 2 spell levels left.
You knew the following spells:

 Your Spells              Type           Power      Damage    Failure   Level
a - Foxfire               Conj/Fire      32%        2x1d5     9%          1

Your spell library contained the following spells:

 Spells                   Type           Power      Damage    Failure   Level
 Scorch                   Fire           22%        2d6       9%          2
 Inner Flame              Hex/Fire       6%         N/A       32%         3
 Kindle Blastsparks       Fire/Tloc/Air  8%         2d10      36%         3
 Flame Wave               Conj/Fire      8%         2d5       65%         4


Dungeon Overview and Level Annotations

Branches:
Dungeon (1/15)


Innate Abilities, Weirdness & Mutations

You have an increased reservoir of magic. (+10% MP)
You shall have no god before yourself.
Your divine heritage dramatically boosts your attributes as you level up.


Message History

Found 15 gold pieces.
Found an escape hatch in the floor.
The frilled lizard hisses angrily.
The bat completely misses you. The frilled lizard closely misses you.
An endoplasm comes into view.
The bat hits you.
The endoplasm quivers.
You hit the bat but do no damage. The bat closely misses you.
You hit the bat.
You kill the bat!
The bat hits you but does no damage.
A ball python comes into view.
Found 3 atropa-tipped darts.
You barely miss the frilled lizard. The bat barely misses you. x2
The frilled lizard bites you.
You hit the frilled lizard.
You kill the frilled lizard!
The bat misses you.
Your Conjurations skill increases to level 1!
You barely miss the bat. The bat barely misses you. The endoplasm hits you.
* * * LOW HITPOINT WARNING * * *
The ball python hisses angrily.
The bat misses you.
The endoplasm hits you but does no damage.
The bat attacks as you move away! The bat hits you.
* * * LOW HITPOINT WARNING * * *
The bat closely misses you.
You see here a +0 robe.
The bat barely misses you.
You see here a scroll labelled ERRITSEOGE.
The bat misses you.
You see here a scroll labelled ERRITSEOGE.
There are no items here.
You see here a scroll labelled ERRITSEOGE.
d - a scroll labelled ERRITSEOGE The bat misses you.
The dart slug bites you.
* * * LOW HITPOINT WARNING * * *
You miss the bat. The bat hits you.
* * * LOW HITPOINT WARNING * * *
The endoplasm hits you.
You die...

#. #.........#
.###.######.>.......#
....................#
..................(.##
.....?..†............##
#.....................#
.............b........#
#........[...w........#
#.......>...SJ@......##
(.............^.....##
##........##.####.###
#...#...###.####.#
.......####...##.#
#..........##..#.#
..#.####.###...## ....
#.........#
####.......#.#


You could see a dart slug, an endoplasm, a bat and a ball python.

Vanquished Creatures
  2 ball pythons (D:1)
  A bat (D:1)
  A frilled lizard (D:1)
  A goblin (D:1)
5 creatures vanquished.

Notes
Turn   | Place    | Note
-------+----------+-------------------------------------------
     0 | D:1      | NeboErif the Demigod Fire Elementalist began the quest for
                  | the Orb.
     0 | D:1      | Reached XP level 1. HP: 14/14 MP: 5/5
    70 | D:1      | Reached skill level 1 in Conjurations
    84 | D:1      | Slain by an endoplasm

Illustrated notes

Levels and vault maps discovered:
D:1:      lightli_arrival_chessboard, layout_rooms, interstate_on_off,
          chequers_serial_rivers_micro_b, minmay_liquid_box

Skill      XL: |  1 |
---------------+----+-----
Conjurations   | 1 |  1.0
Dodging        | |  1.7
Stealth        | |  1.7
Spellcasting   | |  1.9
Fire Magic     | |  2.8

Action                     || total
---------------------------++-------
  Melee: Dagger            ||    10
         Unarmed           ||     3
         Punch             ||     2
    Use: Potion            ||     1
 Armour: Robe              ||     6
  Dodge: Dodged            ||    24

Table legend: (Time is in decaauts)
 A = Elapsed time spent in this place.
 B = Non-inter-level travel time spent in this place.
 C = Inter-level travel time spent in this place.
 D = Time resting spent in this place.
 E = Time spent auto-exploring this place.
 F = Levels seen in this place.
 G = Mean time per level.
                   A        B        C        D        E       F      G
               +--------+--------+--------+--------+--------+-----+--------+
         Total |     71 |     49 |     22 |      0 |      0 |   1 |   71.0 |
       Dungeon |     71 |     49 |     22 |      0 |      0 |   1 |   71.0 |
               +--------+--------+--------+--------+--------+-----+--------+

Top non-repeatable levels by time:
     D:1: 71 daAuts
